[Event "Titled Tuesday Blitz September 27 Early 2022"]
[White "Beerdsen, Thomas"]
[Black "Machidon, Cristi"]
[WhiteFideId "1030108"]
[BlackFideId "13904590"]
[WhiteElo "2567"]
[BlackElo "2312"]
[Result "0-1"]
[Round "02"]
[TimeControl "180+1"]
[Date "2022.09.27"]
[WhiteClock "0:01:36"]
[BlackClock "0:01:11"]

1. e4 c6 2. d4 d5 3. f3 Qb6 4. Nc3 e6 5. a3 Nf6 6. Be3 c5 7. dxc5 Bxc5 8. Na4 Qa5+ 9. b4 Qxa4 10. Bxc5 Nbd7 11. Bd6 Qc6 12. e5 Qc3+ 13. Kf2 Nxe5 14. Bb5+ Bd7 15. Ne2 Ne4+ 16. fxe4 Ng4+ 17. Kf1 Bxb5 18. Bc5 dxe4 19. h3 Ne3+ 20. Bxe3 Qxe3 21. c4 Bxc4 22. Qc2 Bd3 23. Qb2 Rc8 24. Re1 Rc2 0-1


[Site "https://www.chess.com"]

[Event "Titled Tuesday Blitz September 27 Early 2022"]
[White "Begmuratov, Khumoyun"]
[Black "Matveeva, Olga"]
[WhiteFideId "14210207"]
[BlackFideId "24107018"]
[WhiteElo "1978"]
[BlackElo "2056"]
[Result "1-0"]
[Round "02"]
[TimeControl "180+1"]
[Date "2022.09.27"]
[WhiteClock "0:02:06"]
[BlackClock "0:01:10"]

1. e4 e6 2. d3 d5 3. Nd2 Nf6 4. Ngf3 Nc6 5. e5 Nd7 6. d4 f6 7. exf6 Qxf6 8. c3 Bd6 9. Bd3 O-O 10. O-O e5 11. dxe5 Ndxe5 12. Nxe5 Nxe5 13. Be2 c6 14. Nf3 Bg4 15. Nd4 Qh4 16. f4 Bxe2 17. Qxe2 Ng4 18. h3 Nf6 19. Qe6+ Kh8 20. Qxd6 Rae8 21. f5 Ne4 22. Qf4 Qh5 23. Qg4 Qf7 24. Bf4 c5 25. Ne6 1-0


[Site "https://www.chess.com"]

[Event "Titled Tuesday Blitz September 27 Early 2022"]
[White "Bharath Subramaniyam H"]
[Black "Lahdelma, Henri"]
[WhiteFideId "46634827"]
[BlackFideId "510394"]
[WhiteElo "2346"]
[BlackElo "2210"]
[Result "1-0"]
[Round "02"]
[TimeControl "180+1"]
[Date "2022.09.27"]
[WhiteClock "0:00:08"]
[BlackClock "0:00:02"]

1. d4 e6 2. Nf3 d5 3. Bf4 c5 4. c3 cxd4 5. cxd4 Bd6 6. e3 Bxf4 7. exf4 Nf6 8. Nc3 O-O 9. Bd3 Nc6 10. O-O h6 11. g3 Bd7 12. Qd2 Rc8 13. Rad1 Na5 14. Ne5 Nc4 15. Bxc4 dxc4 16. f5 Nd5 17. Nxd5 exd5 18. f6 Bf5 19. fxg7 Kxg7 20. Rfe1 Re8 21. Re3 Re6 22. Rde1 b5 23. Rf3 Rf6 24. Rf4 Be6 25. Rxf6 Qxf6 26. Qa5 Bh3 27. Qxb5 c3 28. bxc3 Rxc3 29. Qxd5 Rc2 30. Nd3 Qg6 31. Nf4 Qg4 32. Nxh3 Qxh3 33. Qe5+ Kg8 34. Qe8+ Kg7 35. Qe5+ Kg8 36. Qb8+ Kg7 37. Qxa7 Qf5 38. Rf1 Qd5 39. a3 Rd2 40. Qc7 Rxd4 41. Qc3 f6 42. Ra1 Ra4 43. Qc7+ Kg6 44. Qc2+ Re4 45. a4 f5 46. a5 Qe5 47. Qc6+ Kh5 48. Qc1 Re2 49. a6 Qd4 50. Qf1 Rxf2 51. Qxf2 Qxa1+ 52. Kg2 Kg5 53. a7 Qa6 54. Qf4+ Kg6 55. Qe3 Qc6+ 56. Kf2 Qa8 57. Ke2 Kh5 58. Qf3+ Kg6 59. Qxa8 1-0


[Site "https://www.chess.com"]

[Event "Titled Tuesday Blitz September 27 Early 2022"]
[White "Bilan, Danila"]
[Black "Azaladze, Shota"]
[WhiteFideId "24161918"]
[BlackFideId "13603027"]
[WhiteElo "2164"]
[BlackElo "2439"]
[Result "1-0"]
[Round "02"]
[TimeControl "180+1"]
[Date "2022.09.27"]
[WhiteClock "0:00:10"]
[BlackClock "0:00:15"]

1. d4 g6 2. Nf3 Bg7 3. Bg5 d6 4. c3 Nd7 5. e4 Ngf6 6. Nbd2 e5 7. Bc4 h6 8. Bh4 Qe7 9. O-O O-O 10. Re1 Re8 11. Qc2 b6 12. a4 a6 13. Bd5 Rb8 14. Bc6 Bb7 15. d5 Bxc6 16. dxc6 Nf8 17. b4 Ne6 18. b5 Ra8 19. Nc4 g5 20. Bg3 Nc5 21. Nfd2 Qe6 22. Ne3 axb5 23. axb5 d5 24. exd5 Nxd5 25. Nf5 f6 26. Nxg7 Kxg7 27. h4 Ne7 28. hxg5 hxg5 29. Ne4 Nxe4 30. Qxe4 Nf5 31. Rxa8 Rxa8 32. Rd1 Nd6 33. Qb4 Re8 34. f3 f5 35. Bf2 f4 36. Bxb6 g4 37. Bxc7 Nf7 38. Qe4 Rh8 39. Rd7 g3 40. Qxe5+ Qxe5 41. Bxe5+ Kg6 42. Bxh8 Ne5 43. Rd4 Kf5 44. Bxe5 Kxe5 45. c7 1-0


[Site "https://www.chess.com"]

[Event "Titled Tuesday Blitz September 27 Early 2022"]
[White "Blokhin, Sofia"]
[Black "Janaszak, Dawid"]
[WhiteFideId "4508190"]
[BlackFideId "1119206"]
[WhiteElo "1771"]
[BlackElo "2165"]
[Result "0-1"]
[Round "02"]
[TimeControl "180+1"]
[Date "2022.09.27"]
[WhiteClock "0:00:04"]
[BlackClock "0:01:30"]

1. d4 Nf6 2. c4 g6 3. Nc3 Bg7 4. e4 d6 5. f3 O-O 6. Be3 a6 7. g4 h5 8. gxh5 Nxh5 9. Qd2 e5 10. d5 Nd7 11. O-O-O b5 12. Nge2 Nb6 13. Ng3 Nf4 14. h4 Nxc4 15. Bxc4 bxc4 16. h5 Rb8 17. Bxf4 exf4 18. Qxf4 Qf6 19. Qxf6 Bxf6 20. hxg6 fxg6 21. Kc2 Be5 22. Nge2 Rxf3 23. Rdg1 Kg7 24. Rg2 Bh3 25. Rg5 Bf6 26. Rg3 Rxg3 27. Nxg3 Bg4 28. Rg1 Bd4 29. Rf1 Rh8 30. Rh1 Rf8 31. Rf1 Re8 32. Re1 Be5 33. Rg1 Rf8 34. Nce2 Rf2 35. Kd2 Bxb2 36. Nf5+ Bxf5 37. exf5 Rxf5 38. Ng3 Rxd5+ 0-1


[Site "https://www.chess.com"]

[Event "Titled Tuesday Blitz September 27 Early 2022"]
[White "Bluebaum, Matthias"]
[Black "Huber, Benedikt"]
[WhiteFideId "24651516"]
[BlackFideId "12923583"]
[WhiteElo "2633"]
[BlackElo "1979"]
[Result "1-0"]
[Round "02"]
[TimeControl "180+1"]
[Date "2022.09.27"]
[WhiteClock "0:01:25"]
[BlackClock "0:00:16"]

1. d4 e6 2. c4 f5 3. Nf3 Nf6 4. g3 Be7 5. Bg2 O-O 6. O-O d6 7. Nc3 Ne4 8. Qc2 Nxc3 9. bxc3 Nc6 10. a4 e5 11. c5 e4 12. cxd6 Bxd6 13. Qa2+ Kh8 14. Ng5 Qe7 15. Nh3 Be6 16. Qb1 Bc4 17. Re1 Na5 18. Bg5 Qf7 19. Bf4 Nb3 20. Bxd6 cxd6 21. Ra3 Rfc8 22. f3 exf3 23. Bxf3 Nd2 24. Qxb7 Nxf3+ 25. Qxf3 Bd5 26. e4 Be6 27. Ng5 Qf6 28. Nxe6 Qxe6 29. Qxf5 Qc4 30. Rf1 Kg8 31. Qd5+ Qxd5 32. exd5 Rc4 33. Rb3 Rxa4 34. Rb7 Ra2 35. Rff7 1-0


[Site "https://www.chess.com"]

[Event "Titled Tuesday Blitz September 27 Early 2022"]
[White "Bobomurodova, Maftuna"]
[Black "Ovchinnikov, Vsevolod"]
[WhiteFideId "14207400"]
[BlackFideId "24176842"]
[WhiteElo "1548"]
[BlackElo "2376"]
[Result "1-0"]
[Round "02"]
[TimeControl "180+1"]
[Date "2022.09.27"]
[WhiteClock "0:00:57"]
[BlackClock "0:00:02"]

1. e4 g6 2. d4 Bg7 3. Nc3 a6 4. g3 d6 5. Bg2 Nf6 6. Be3 Ng4 7. Bf4 Nc6 8. Nge2 e5 9. dxe5 Ngxe5 10. O-O Bg4 11. Nd5 O-O 12. Ne3 Be6 13. c3 Nd7 14. h4 h6 15. Nd5 Kh7 16. Qd2 Nce5 17. Nd4 Bxd5 18. exd5 Re8 19. Rae1 Qf6 20. b3 Nc5 21. Bxe5 Rxe5 22. Rxe5 dxe5 23. Nc2 h5 24. c4 a5 25. Re1 Qd6 26. Na3 Nxb3 27. Qb2 Nc5 28. Nb5 Qb6 29. Qd2 Rd8 30. Qe3 Rd7 31. f4 exf4 32. gxf4 Bf6 33. Qf2 Re7 34. Rxe7 Bxe7 35. Kh1 Kg7 36. Qd4+ Bf6 37. Qf2 c6 38. dxc6 bxc6 39. Nd6 Qb1+ 40. Kh2 Nd3 41. Qg3 Kg8 42. Bxc6 Qc2+ 43. Bg2 Qd2 44. Ne4 Bg7 45. Nxd2 Nxf4 46. Qxf4 1-0


[Site "https://www.chess.com"]

[Event "Titled Tuesday Blitz September 27 Early 2022"]
[White "Bortnyk, Olexandr"]
[Black "Skliarov, Viktor"]
[WhiteFideId "14120828"]
[BlackFideId "14106736"]
[WhiteElo "2723"]
[BlackElo "2213"]
[Result "1-0"]
[Round "02"]
[TimeControl "180+1"]
[Date "2022.09.27"]
[WhiteClock "0:01:24"]
[BlackClock "0:00:52"]

1. e4 c5 2. c3 d6 3. d4 Nf6 4. Bd3 g6 5. dxc5 dxc5 6. e5 Nh5 7. Qe2 Nc6 8. Bc2 Qc7 9. f4 Bh6 10. g3 O-O 11. Be3 b6 12. Nd2 Bb7 13. Ngf3 Rad8 14. O-O-O f5 15. exf6 exf6 16. f5 Bxe3 17. Qxe3 Rfe8 18. Qf2 Kg7 19. fxg6 hxg6 20. Rhf1 Ne5 21. Nxe5 Qxe5 22. g4 1-0


[Site "https://www.chess.com"]

[Event "Titled Tuesday Blitz September 27 Early 2022"]
[White "Broca Jimenez, Fernando"]
[Black "Sukandar, Irine Kharisma"]
[WhiteFideId "5104742"]
[BlackFideId "7101937"]
[WhiteElo "2062"]
[BlackElo "2284"]
[Result "0-1"]
[Round "02"]
[TimeControl "180+1"]
[Date "2022.09.27"]
[WhiteClock "0:00:08"]
[BlackClock "0:00:08"]

1. e4 e5 2. Nf3 Nc6 3. Bb5 a6 4. Ba4 Nf6 5. O-O Be7 6. Re1 b5 7. Bb3 d6 8. c3 O-O 9. h3 Nb8 10. d3 c5 11. Nbd2 Nbd7 12. Nf1 Bb7 13. Ne3 g6 14. a4 Qc7 15. Ng4 c4 16. Bc2 Nxg4 17. hxg4 Rad8 18. axb5 axb5 19. d4 Bf6 20. g5 Bg7 21. d5 f5 22. gxf6 Nxf6 23. Bg5 Bc8 24. Qd2 Bg4 25. Nh2 Bc8 26. Ra2 Qf7 27. Rea1 Rd7 28. Ra8 Rc7 29. Bd1 Nxe4 30. Qe3 Nxg5 31. Qxg5 Qxf2+ 32. Kh1 Qe1+ 33. Nf1 Rxf1+ 34. Kh2 Rh1# 0-1


[Site "https://www.chess.com"]

[Event "Titled Tuesday Blitz September 27 Early 2022"]
[White "Burmakin, Vladimir"]
[Black "Lazavik, Denis"]
[WhiteFideId "4105109"]
[BlackFideId "13515110"]
[WhiteElo "2513"]
[BlackElo "2437"]
[Result "1/2-1/2"]
[Round "02"]
[TimeControl "180+1"]
[Date "2022.09.27"]
[WhiteClock "0:00:01"]
[BlackClock "0:00:06"]

1. c4 Nf6 2. g3 e6 3. Bg2 d5 4. Nf3 dxc4 5. Qa4+ Bd7 6. Qxc4 c5 7. Ne5 Qc8 8. Nxd7 Qxd7 9. O-O Nc6 10. e3 Rc8 11. Rd1 Be7 12. b3 O-O 13. Bb2 Rfd8 14. Qe2 Nd5 15. Nc3 Bf6 16. Rab1 Ndb4 17. d3 Qe7 18. a3 Nd5 19. Nxd5 exd5 20. Bxf6 Qxf6 21. b4 cxb4 22. axb4 Ne7 23. b5 g6 24. d4 Rc7 25. Qa2 Qb6 26. Rdc1 Rxc1+ 27. Rxc1 Qxb5 28. Qxa7 Kg7 29. Qa1 Rc8 30. Rb1 Qd7 31. Qb2 Rc7 32. h3 h5 33. Rc1 Rxc1+ 34. Qxc1 Qd6 35. Qb2 b6 36. Qb5 Qe6 37. h4 Qd6 38. Bf3 Qe6 39. Kg2 Qd6 40. Kg1 Qd8 41. Kg2 Kf6 42. e4 Kg7 43. exd5 Nf5 44. Qb4 Qd6 45. Qc4 Qf6 46. Be4 Nd6 47. Qd3 b5 48. Bf3 b4 49. Bd1 Qf5 50. Qxf5 Nxf5 51. Kf3 Nxd4+ 52. Ke4 Nb5 53. Bb3 Kf6 54. Kd3 Nd6 55. Kd4 Ke7 56. f3 Nf5+ 57. Kc5 Nd6 58. Kxb4 Kd7 59. Kc5 Ke7 60. Kd4 Nf5+ 61. Ke5 f6+ 62. Kf4 Nd6 63. g4 hxg4 64. fxg4 Kf7 65. h5 Kg7 66. hxg6 Kxg6 67. Bc2+ Kg7 68. g5 fxg5+ 69. Kxg5 Kf7 70. Kh5 Ke7 71. Bf5 Nc4 72. d6+ Kxd6 1/2-1/2


[Site "https://www.chess.com"]

[Event "Titled Tuesday Blitz September 27 Early 2022"]
[White "Bykhovsky, Anatoly"]
[Black "Tomaszewski, Kacper"]
[WhiteFideId "2806991"]
[BlackFideId "1127373"]
[WhiteElo "2540"]
[BlackElo "2133"]
[Result "1-0"]
[Round "02"]
[TimeControl "180+1"]
[Date "2022.09.27"]
[WhiteClock "0:02:06"]
[BlackClock "0:01:01"]

1. Nf3 d5 2. g3 Nf6 3. Bg2 e6 4. b3 Bd6 5. Bb2 O-O 6. d3 Nc6 7. Nbd2 e5 8. e4 d4 9. O-O Be6 10. c3 dxc3 11. Bxc3 Qd7 12. Nc4 Rfe8 13. Qc2 Bh3 14. Rad1 Qg4 15. a3 Qh5 16. b4 a6 17. Bxh3 Qxh3 18. Ne3 Qh5 19. Kg2 Rad8 20. h3 g6 21. g4 Qh6 22. g5 Qg7 23. gxf6 Qxf6 24. Nd5 Qg7 25. d4 f5 26. dxe5 Nxe5 27. Nxe5 Bxe5 28. Bxe5 Qxe5 29. f4 Qxe4+ 30. Qxe4 fxe4 31. Nf6+ Kf7 32. Nxe8 Rxe8 33. Kf2 Re7 34. Ke3 1-0


[Site "https://www.chess.com"]

[Event "Titled Tuesday Blitz September 27 Early 2022"]
[White "Camacho Collados, Jose"]
[Black "Onslow, Alfie"]
[WhiteFideId "2265427"]
[BlackFideId "436976"]
[WhiteElo "2264"]
[BlackElo "1885"]
[Result "1-0"]
[Round "02"]
[TimeControl "180+1"]
[Date "2022.09.27"]
[WhiteClock "0:00:54"]
[BlackClock "0:00:03"]

1. Nf3 Nf6 2. d4 c5 3. d5 Qb6 4. g3 g6 5. Bg2 Bg7 6. O-O O-O 7. c4 d6 8. Nc3 e5 9. dxe6 Bxe6 10. b3 Nc6 11. Bb2 Rad8 12. Nd5 Bxd5 13. cxd5 Ne7 14. Ng5 h6 15. Nh3 Rfe8 16. Qd2 Nf5 17. Rad1 Qa6 18. Bxf6 Bxf6 19. e4 Nd4 20. Qxh6 Qxa2 21. Ng5 Bxg5 22. Qxg5 Nxb3 23. h4 Qa5 24. Rd3 c4 25. Rf3 Qc7 26. h5 Re5 27. Rf5 Qe7 28. Rxe5 Qxg5 29. Rxg5 Kg7 30. hxg6 f6 31. Rf5 c3 32. Rf3 Rc8 33. Bh3 Rc5 34. Bd7 b5 35. Bxb5 Rxb5 36. Rxc3 a5 37. Rc6 Kxg6 38. Rxd6 Nd4 39. Kg2 Kg5 40. f4+ Kg4 41. Rxf6 Rb2+ 42. Rf2 Rb3 43. Rg6+ Kh5 44. Rg5+ Kh6 45. d6 a4 46. d7 Rb8 47. Rd5 Nc6 48. e5 Rd8 49. e6 Ne7 50. Ra5 Ng6 51. f5 Nh4+ 52. gxh4 1-0


[Site "https://www.chess.com"]

[Event "Titled Tuesday Blitz September 27 Early 2022"]
[White "Carlsen, Magnus"]
[Black "Nazari, Arad"]
[WhiteFideId "1503014"]
[BlackFideId "12577324"]
[WhiteElo "2830"]
[BlackElo "2129"]
[Result "1-0"]
[Round "02"]
[TimeControl "180+1"]
[Date "2022.09.27"]
[WhiteClock "0:00:56"]
[BlackClock "0:00:13"]

1. e4 c5 2. Nf3 d6 3. d4 cxd4 4. Nxd4 Nf6 5. Nc3 a6 6. a3 e5 7. Nf3 Be7 8. Bg5 Be6 9. Bxf6 Bxf6 10. Nd5 O-O 11. Bc4 Nc6 12. O-O Rc8 13. Ba2 Bxd5 14. Bxd5 Qb6 15. Rb1 Nd4 16. c3 Nxf3+ 17. Qxf3 Qc7 18. g3 Be7 19. h4 g6 20. h5 Kg7 21. Kg2 Qd7 22. Qe3 h6 23. Rh1 g5 24. c4 b5 25. Rhc1 Rc5 26. b4 Rc7 27. cxb5 axb5 28. Rxc7 Qxc7 29. Rc1 Qd7 30. Bc6 Qg4 31. Bxb5 Qxh5 32. Rc7 Bf6 33. Bc4 g4 34. b5 Bg5 35. Qd3 Qh3+ 36. Kg1 Bd8 37. Rb7 h5 38. Qxd6 Bf6 39. Bf1 1-0


[Site "https://www.chess.com"]

[Event "Titled Tuesday Blitz September 27 Early 2022"]
[White "Carrasco Miranda, Andres"]
[Black "Prestia, Paris"]
[WhiteFideId "3405990"]
[BlackFideId "30925959"]
[WhiteElo "2177"]
[BlackElo "2547"]
[Result "1-0"]
[Round "02"]
[TimeControl "180+1"]
[Date "2022.09.27"]
[WhiteClock "0:00:04"]
[BlackClock "0:00:15"]

1. d4 Nf6 2. c4 e6 3. g3 Bb4+ 4. Nd2 O-O 5. Bg2 Re8 6. Nf3 a5 7. O-O Nc6 8. a3 Bf8 9. b3 d6 10. Bb2 e5 11. e4 Bg4 12. h3 Bh5 13. Qc2 Bxf3 14. Nxf3 g6 15. Rad1 Qe7 16. d5 Nb8 17. c5 Nfd7 18. b4 Na6 19. c6 bxc6 20. dxc6 Nf6 21. b5 Nc5 22. Ne1 Bg7 23. Nd3 Nfxe4 24. Rfe1 Nxd3 25. Qxd3 Nc5 26. Qd5 Na4 27. Ba1 Nb6 28. Qa2 Kh8 29. a4 f5 30. Bd4 Rad8 31. Bxb6 cxb6 32. Bd5 e4 33. Kg2 Be5 34. Rc1 Rc8 35. Qd2 Kg7 36. Qe3 Qc7 37. h4 h5 38. Red1 Rf8 39. Be6 Rce8 40. Bd7 Re7 41. Rd5 Bf6 42. Rcd1 Be5 43. Qg5 Ref7 44. Be6 Re7 45. Rxe5 dxe5 46. Rd7 Rxd7 47. cxd7 Qd6 48. Bxf5 Rf6 49. Bxg6 Kf8 50. Bxh5 Ke7 51. Be8 Kd8 52. Qg7 Qe7 53. Qxe7+ Kxe7 54. h5 e3 55. fxe3 Rd6 56. g4 Kf6 57. Kg3 e4 58. Kf4 Rd1 59. g5+ Kg7 60. h6+ Kh7 61. Kxe4 Rd6 62. Kf5 Rd5+ 63. Kf6 Rd1 64. Bg6+ Kg8 65. Bf5 Kf8 66. g6 Rd6+ 67. Be6 Rd5 68. g7# 1-0


[Site "https://www.chess.com"]

[Event "Titled Tuesday Blitz September 27 Early 2022"]
[White "Chernikov, Vladimir"]
[Black "Johnson, Ben"]
[WhiteFideId "14112914"]
[BlackFideId "2010917"]
[WhiteElo "2095"]
[BlackElo "2200"]
[Result "0-1"]
[Round "02"]
[TimeControl "180+1"]
[Date "2022.09.27"]
[WhiteClock "0:00:31"]
[BlackClock "0:00:13"]

1. b3 e5 2. Bb2 Nc6 3. c4 Nf6 4. e3 g6 5. Nf3 e4 6. d4 exf3 7. d5 Nb8 8. Qxf3 Bg7 9. Nc3 O-O 10. h4 h5 11. Bd3 d6 12. Qg3 Qe7 13. O-O-O a5 14. Rde1 Nbd7 15. f4 Nc5 16. Bc2 Nfe4 17. Nxe4 Bxb2+ 18. Kxb2 Nxe4 19. Qf3 Bf5 20. g4 hxg4 21. Qg2 Nf6 22. e4 Bd7 23. e5 dxe5 24. fxe5 Nh5 25. e6 Qf6+ 26. Kb1 fxe6 27. Qxg4 Kh7 28. Qxh5+ Kg7 29. Bxg6 Qxg6+ 30. Qxg6+ Kxg6 31. dxe6 Bc6 32. Rhg1+ Kh6 33. e7 Rg8 34. Re6+ Kh7 35. Rf1 Rae8 36. h5 Rg7 37. Rfe1 Bf3 38. R1e5 Rf7 39. Kb2 Bc6 40. Rxa5 Rf2+ 41. Kc3 Rf7 42. Rae5 Kg7 43. Rg6+ Kh7 44. Rge6 Bd7 45. Rg6 Rexe7 46. Rxe7 Rxe7 47. a4 Re5 48. Rg1 Rxh5 49. Re1 Rg5 50. b4 Kh6 51. b5 Rg7 52. Kb4 Kg6 53. Rf1 Rf7 54. Rd1 Kf6 55. a5 Ke7 56. a6 bxa6 57. bxa6 Rf2 58. Ra1 Bc6 59. Kc5 Bg2 60. a7 Ba8 61. Ra6 Kd7 62. Kb4 Rf5 63. c5 Rf4+ 64. Kb5 Rf1 65. c6+ Kd6 66. Kb4 Rb1+ 67. Kc3 Rb6 68. Ra1 Rxc6+ 69. Kb4 Rb6+ 70. Ka5 Kc6 71. Rc1+ Kb7 72. Ka4 Ra6+ 73. Kb5 Rxa7 74. Rg1 Ra6 75. Rg8 Rb6+ 76. Kc5 Rh6 77. Rg7 Rh5+ 78. Kb4 Kb6 79. Rg6+ Bc6 80. Rf6 Rh4+ 81. Kc3 Kc5 82. Rf5+ Bd5 83. Rg5 c6 84. Kd2 Rh3 85. Kc2 Ra3 86. Kb2 Rf3 87. Kc2 Kd4 88. Rg4+ Be4+ 89. Kd2 c5 90. Ke2 Ra3 91. Ke1 c4 92. Kd2 c3+ 93. Ke1 Ra2 94. Rg8 Ke3 95. Rg3+ Bf3 0-1


[Site "https://www.chess.com"]

[Event "Titled Tuesday Blitz September 27 Early 2022"]
[White "Ciuffoletti, Paolo"]
[Black "Nygren, Kim"]
[WhiteFideId "807630"]
[BlackFideId "1706136"]
[WhiteElo "2143"]
[BlackElo "2209"]
[Result "1-0"]
[Round "02"]
[TimeControl "180+1"]
[Date "2022.09.27"]
[WhiteClock "0:00:58"]
[BlackClock "0:00:58"]

1. e4 e5 2. Nf3 Nc6 3. Bc4 Nf6 4. d4 Nxe4 5. dxe5 Nc5 6. Be3 Ne6 7. O-O Be7 8. Nc3 O-O 9. Ne4 b6 10. Qd2 Bb7 11. Rad1 Nxe5 12. Nxe5 Bxe4 13. Nxd7 Bd6 14. Nxf8 Qh4 15. h3 Nf4 16. Bxf4 Bxf4 17. Qd7 Rxf8 18. Qg4 Qh6 19. Rd7 Bg6 20. Rfd1 Bh5 21. Qf5 Bxd1 22. Rxf7 1-0


[Site "https://www.chess.com"]

[Event "Titled Tuesday Blitz September 27 Early 2022"]
[White "Concio, Michael Jr."]
[Black "Zheenbekov, Nurgazy"]
[WhiteFideId "5217873"]
[BlackFideId "13800485"]
[WhiteElo "1896"]
[BlackElo "1932"]
[Result "1-0"]
[Round "02"]
[TimeControl "180+1"]
[Date "2022.09.27"]
[WhiteClock "0:00:16"]
[BlackClock "0:00:18"]

1. Nf3 d5 2. c4 d4 3. d3 c5 4. g3 Nc6 5. Bg2 e5 6. O-O Nf6 7. b4 cxb4 8. a3 bxa3 9. Bxa3 Bxa3 10. Nxa3 O-O 11. Nd2 a6 12. Qb3 Qc7 13. Rfb1 Rb8 14. Qb6 Qxb6 15. Rxb6 Nd7 16. Rb2 Ra8 17. Rab1 Nc5 18. Ne4 Nxe4 19. Bxe4 g6 20. Rb6 h5 21. Bxc6 bxc6 22. Rxc6 h4 23. f3 hxg3 24. hxg3 Be6 25. Rbb6 Rfb8 26. Rxb8+ Rxb8 27. Rxa6 Rb2 28. Kf1 Kf8 29. g4 Bd7 30. Ra7 Ke8 31. Ra5 f6 32. g5 Ke7 33. gxf6+ Kxf6 34. Nb5 g5 35. Nd6 g4 36. Ne4+ Ke7 37. Kf2 gxf3 38. Kxf3 Bc6 39. Rxe5+ Kd7 40. Rg5 Bxe4+ 41. Kxe4 Rxe2+ 42. Kxd4 Rf2 43. Kd5 Rf7 44. d4 Kc7 45. Kc5 Kd7 46. d5 Rh7 47. Rg1 Rf7 48. Ra1 Rf4 49. Ra7+ Kd8 50. d6 Rh4 51. Kd5 1-0


[Site "https://www.chess.com"]

[Event "Titled Tuesday Blitz September 27 Early 2022"]
[White "Crevatin, Leo"]
[Black "Saydaliev, Saidakbar"]
[WhiteFideId "1726307"]
[BlackFideId "14203693"]
[WhiteElo "2156"]
[BlackElo "2265"]
[Result "0-1"]
[Round "02"]
[TimeControl "180+1"]
[Date "2022.09.27"]
[WhiteClock "0:00:02"]
[BlackClock "0:00:34"]

1. e4 e5 2. Nf3 Nc6 3. Bc4 Nf6 4. d3 Bc5 5. Bg5 h6 6. Bh4 d6 7. c3 a6 8. a4 Ba7 9. Nbd2 g5 10. Bg3 Qe7 11. b4 Be6 12. b5 Nd8 13. Qb3 Bxc4 14. Nxc4 Ne6 15. Ne3 Bxe3 16. fxe3 h5 17. O-O a5 18. Qc2 h4 19. Be1 h3 20. g3 Ng4 21. Qe2 O-O-O 22. c4 b6 23. d4 Rhe8 24. Rc1 Kb8 25. Kh1 exd4 26. exd4 Ng7 27. Nd2 f5 28. Qf3 Nf6 29. exf5 g4 30. Qd3 Qe2 31. Qxe2 Rxe2 32. Rf2 Re3 33. c5 Rde8 34. Rf1 Nxf5 35. cxb6 cxb6 36. Nc4 Re2 37. Nxb6 Nxd4 38. Bxa5 Nf3 39. Rxf3 gxf3 40. Nc4 Ng4 41. Nxd6 Rxh2+ 42. Kg1 Rg2+ 43. Kh1 Nf2# 0-1


[Site "https://www.chess.com"]

[Event "Titled Tuesday Blitz September 27 Early 2022"]
[White "Csonka, Balazs"]
[Black "Wachinger, Guenther"]
[WhiteFideId "742910"]
[BlackFideId "4604261"]
[WhiteElo "2404"]
[BlackElo "2212"]
[Result "1-0"]
[Round "02"]
[TimeControl "180+1"]
[Date "2022.09.27"]
[WhiteClock "0:00:03"]
[BlackClock "0:00:03"]

1. d4 Nf6 2. c4 e6 3. Nc3 Bb4 4. f3 O-O 5. a3 Bxc3+ 6. bxc3 Ne8 7. e4 b6 8. Bd3 Nc6 9. f4 f5 10. e5 Ba6 11. Qe2 Na5 12. Rb1 c5 13. d5 Qe7 14. d6 Qd8 15. Nf3 g6 16. O-O Ng7 17. Be3 Bb7 18. Bf2 Qc8 19. Bh4 Nh5 20. Qe3 Ba6 21. Nd2 Rb8 22. Be2 Ng7 23. Rf3 Qc6 24. Rh3 b5 25. Be7 Nxc4 26. Bxc4 bxc4 27. Bxf8 Rxb1+ 28. Nxb1 Bb7 29. Qg3 Qe4 30. Nd2 Qe2 31. Nf1 Nh5 32. Rxh5 Qxh5 33. Be7 Qe2 34. h4 Be4 35. Ne3 a5 36. Kh2 a4 37. Bd8 Qh5 38. Bb6 Qe2 39. Bxc5 Qa2 40. Bb4 Qe2 41. Ba5 Kf7 42. Bb6 h6 43. Kg1 Qb2 44. h5 gxh5 45. Bd8 Qb1+ 46. Kh2 Qd3 47. Bf6 Qe2 48. Qg7+ Ke8 49. Qe7# 1-0


[Site "https://www.chess.com"]

[Event "Titled Tuesday Blitz September 27 Early 2022"]
[White "D`Arruda, Ricardo D."]
[Black "Dilmukhametov, Artur"]
[WhiteFideId "100692"]
[BlackFideId "24179922"]
[WhiteElo "2473"]
[BlackElo "2206"]
[Result "1-0"]
[Round "02"]
[TimeControl "180+1"]
[Date "2022.09.27"]
[WhiteClock "0:02:02"]
[BlackClock "0:01:33"]

1. d4 Nf6 2. Nf3 g6 3. Nc3 Bg7 4. e4 d6 5. Bg5 O-O 6. Qd2 Nbd7 7. O-O-O e5 8. dxe5 dxe5 9. Nxe5 Qe8 10. Nxd7 Nxd7 11. Bh6 Nc5 12. Bxg7 Nxe4 13. Nxe4 Kxg7 14. Qd4+ f6 15. Bc4 Bf5 16. Rhe1 Rd8 17. Qxd8 Qxd8 18. Rxd8 Rxd8 19. Ng3 Rd4 20. Nxf5+ gxf5 21. Re7+ Kg6 22. Rxc7 Re4 23. Kd2 Kg5 24. Rxh7 f4 25. Rxb7 Kg4 26. Be2+ Rxe2+ 27. Kxe2 f3+ 1-0


[Site "https://www.chess.com"]

[Event "Titled Tuesday Blitz September 27 Early 2022"]
[White "Danielyan, Vahe"]
[Black "Yanchenko, Roman"]
[WhiteFideId "13304828"]
[BlackFideId "4137329"]
[WhiteElo "2421"]
[BlackElo "2514"]
[Result "1/2-1/2"]
[Round "02"]
[TimeControl "180+1"]
[Date "2022.09.27"]
[WhiteClock "0:00:03"]
[BlackClock "0:00:16"]

1. e4 e6 2. d3 d5 3. Nd2 c5 4. Ngf3 Nc6 5. g3 Nf6 6. Bg2 dxe4 7. dxe4 Be7 8. O-O O-O 9. c3 b6 10. Re1 Bb7 11. h4 Ng4 12. Qe2 Nce5 13. Nxe5 Nxe5 14. Nf3 Nd3 15. Rd1 Nxc1 16. Raxc1 Qc7 17. Qe3 Rad8 18. h5 h6 19. Bf1 Qc6 20. Re1 Bf6 21. Bg2 Qa4 22. a3 Qb5 23. b4 Rd3 24. Qe2 c4 25. e5 Bxf3 26. Bxf3 Bxe5 27. a4 Qxa4 28. Be4 Rxc3 29. Bc2 Rxc2 30. Rxc2 c3 31. Ra2 Qb3 32. Rxa7 Bd4 33. Rc7 e5 34. b5 Qe6 35. Kg2 Qd5+ 36. Kh2 Ra8 37. Rd1 Qa2 38. Rc8+ Kh7 39. Qe4+ g6 40. hxg6+ Kg7 41. Rxa8 Qxf2+ 42. Qg2 Qf6 43. gxf7 Qxf7 44. Rxd4 exd4 45. Rd8 Qh5+ 46. Kg1 Qd1+ 47. Kh2 Qh5+ 48. Kg1 Qd1+ 49. Kh2 Qh5+ 1/2-1/2


[Site "https://www.chess.com"]

[Event "Titled Tuesday Blitz September 27 Early 2022"]
[White "Dardha, Daniel"]
[Black "Karavade, Eesha"]
[WhiteFideId "240990"]
[BlackFideId "5012600"]
[WhiteElo "2528"]
[BlackElo "2258"]
[Result "1-0"]
[Round "02"]
[TimeControl "180+1"]
[Date "2022.09.27"]
[WhiteClock "0:00:49"]
[BlackClock "0:00:19"]

1. e4 c5 2. Nf3 d6 3. c3 Nf6 4. h3 g6 5. Bd3 Bg7 6. O-O Nc6 7. Re1 O-O 8. Bf1 e5 9. a3 Be6 10. b4 a6 11. bxc5 dxc5 12. a4 Na5 13. Nxe5 Nd7 14. Nf3 Nb3 15. Ra3 c4 16. d4 cxd3 17. Rxb3 Bxb3 18. Qxb3 Nc5 19. Qb4 Rc8 20. Be3 a5 21. Qb5 Qc7 22. Bxd3 Nxd3 23. Qxd3 Rfd8 24. Qb5 Qc4 25. Qxa5 Rd3 26. Bd4 Bxd4 27. cxd4 Qc2 28. Nbd2 Ra3 29. Qd5 Qa2 30. Qxa2 Rxa2 31. Rb1 Rc7 32. Rb4 Rcc2 33. d5 Kf8 34. Rxb7 Rxa4 35. d6 Ke8 36. Re7+ Kd8 37. Rxf7 Rd4 38. Nxd4 1-0


[Site "https://www.chess.com"]